AoeStats
← Bastonen

Arena

510792700Analyzed
3v3 RM · 13h ago on Oct 2, 2026· 50m 52s· 6 players
Game mode
Random Map
Map size
Normal (6 player)
Population
200
Speed
Normal
Resources
Standard
Victory
Conquest
Starting age
Dark Age
Ending age
Imperial Age
RankedLock teamsTeams togetherTeam positionsShared explorationLock speedFull tech treeHidden civsTurbo modeCheats
Victory
Defeat
🇪🇸 Ethiopians · Spain
994
+13
🇪🇸 Britons · Spain
991
+13
🇪🇸 Romans · Spain
952
+15
🇨🇭 Teutons · Switzerland
936
-14
🇲🇽 Huns · Mexico
926
-14
🇭🇰 Goths · Hong Kong SAR China
900
-13
P Diddy
0:35 Loom
3:23 Loom
10:21 Feudal Age
11:11 Double-Bit Axe
16:40 Castle Age
15:26 Stone Mining
18:37 Bow Saw
Hanson
4:35 Loom
10:43 Feudal Age
15:59 Castle Age
14:46 Double-Bit Axe
14:43 Horse Collar
20:12 Wheelbarrow
20:16 Bow Saw
20:30 Heavy Plow
21:27 Man-at-Arms
22:50 Pikeman
24:32 Squires
25:55 Hand Cart
26:02 Stone Mining
27:32 Scale Mail Armor
28:31 Gold Mining
32:16 Imperial Age
30:57 Caravan
32:17 Forging
32:23 Chain Mail Armor
32:08 Town Watch
31:54 Long Swordsman
32:43 Halberdier
34:29 Crop Rotation
34:40 Iron Casting
35:33 Conscription
37:05 Blast Furnace
M44281
1:38 Loom
11:30 Feudal Age
12:12 Double-Bit Axe
12:09 Horse Collar
12:21 Gold Mining
17:37 Castle Age
18:13 Pikeman
21:16 Wheelbarrow
20:59 Bow Saw
26:19 Heavy Plow
32:35 Imperial Age
30:42 Stone Mining
31:53 Fortified Wall
32:00 Fletching
32:21 Forging
32:42 Ballistics
32:54 Fervor
33:08 Sanctity
33:38 Scale Mail Armor
34:14 Iron Casting
34:37 Chain Mail Armor
36:09 Crop Rotation
39:06 Chemistry
38:19 Masonry
45:13 Elite Teutonic Knight
navalquenio
10:57 Feudal Age
11:45 Double-Bit Axe
12:47 Horse Collar
15:18 Gold Mining
17:47 Castle Age
15:58 Stone Mining
18:54 Bow Saw
18:47 Heavy Plow
20:13 Gold Shaft Mining
24:54 Stone Shaft Mining
27:01 Wheelbarrow
29:43 Imperial Age
27:03 Loom
28:48 Padded Archer Armor
28:39 Fletching
29:57 Bodkin Arrow
30:43 Hand Cart
30:51 Thumb Ring
30:27 Crossbowman
32:45 Two-Man Saw
31:18 Arbalester
32:51 Heated Shot
34:02 Chemistry
35:50 Ballistics
35:26 Murder Holes
35:42 Fortified Wall
36:35 Conscription
39:07 Torsion Engines
44:28 Elite Shotel Warrior
49:12 Royal Heirs
49:30 Squires
49:21 Arson
51:36 Forging
51:26 Scale Mail Armor
jorgersav
9:41 Feudal Age
15:13 Castle Age
14:11 Double-Bit Axe
14:09 Horse Collar
19:19 Wheelbarrow
19:12 Bow Saw
19:04 Heavy Plow
21:18 Hand Cart
24:06 Gold Mining
24:07 Stone Mining
28:48 Imperial Age
26:23 Scale Mail Armor
26:34 Forging
25:47 Pikeman
26:27 Squires
27:18 Gold Shaft Mining
26:47 Gambesons
26:49 Arson
28:22 Chain Mail Armor
28:42 Iron Casting
29:01 Loom
28:53 Man-at-Arms
30:48 Blast Furnace
30:18 Plate Mail Armor
29:33 Halberdier
30:57 Conscription
32:50 Long Swordsman
33:41 Two-Handed Swordsman
34:30 Champion
45:35 Spies/Treason
Bastonen
2:54 Loom
12:41 Feudal Age
13:14 Horse Collar
13:39 Double-Bit Axe
16:23 Wheelbarrow
18:04 Wheelbarrow
17:49 Gold Mining
19:33 Stone Mining
22:37 Castle Age
23:07 Bloodlines
23:49 Husbandry
25:36 Hand Cart
25:39 Bow Saw
25:31 Heavy Plow
27:16 Squires
27:47 Man-at-Arms
29:26 Long Swordsman
31:47 Ballistas
32:42 Fortified Wall
34:07 Forging
33:58 Scale Mail Armor
37:36 Imperial Age
36:08 Gold Shaft Mining
37:18 Chain Mail Armor
38:55 Caravan
41:18 Iron Casting
40:29 Legionary
41:46 Conscription
43:40 Blast Furnace
43:43 Comitatenses
42:53 Heavy Scorpion
45:00 Ballistics
45:42 Chemistry
45:40 Crop Rotation
Connection lost

Rejoining the realm…

Still unreachable

The connection could not be restored.

Session expired

The server has moved on; the page needs a fresh start.